 Dungeon Crawl Stone Soup version 0.31-a0-836-g3ceb0a68c4 (webtiles) character file.

Game seed: 10640913347926361557

99 quinnr the Stinger (level 4, 0/24 HPs)
             Began as a Tengu Venom Mage on Sept 26, 2023.
             Slain by an orc wizard
             ... wielding a +0 dagger
              (3 damage)
             ... on level 3 of the Dungeon.
             The game lasted 00:08:10 (3561 turns).

quinnr the Stinger (Tengu Venom Mage)               Turns: 3561, Time: 00:08:11

Health: 0/24       AC:  7    Str:  6 (9)  XL:     4   Next: 72%
Magic:  1/8        EV: 12    Int: 19 (21) God:
Gold:   91         SH:  0    Dex: 13 (14) Spells: 1/7 levels left

rFire   + . .        k - +2 whip of Cataclysm {heavy, rF+ Int+4}
rCold   . . .        (no shield)
rNeg    . . .        a - +0 robe
rPois   .            (helmet restricted)
rElec   .            f - +0 cloak
rCorr   .            (no gloves)
SInv    .            (boots unavailable)
Will    +....        (no amulet)
Stlth   ++           T - +4 ring of protection
HPRegen 0.24/turn    (no ring)
MPRegen 0.11/turn

%: acrobat
@: enlightened, flying
A: beak, talons 3, acrobatic
a: no special abilities


You were on level 3 of the Dungeon.
You visited 1 branch of the dungeon, and saw 3 of its levels.

You collected 127 gold pieces.
You spent 36 gold pieces at shops.


Innate Abilities, Weirdness & Mutations

You have a beak for a mouth.
You have claws for feet.
You can magically evade attacks while moving or waiting.


   Skills:
 - Level 2.2 Dodging
 - Level 2.0 Stealth
 - Level 2.0 Spellcasting
 + Level 0.9 Conjurations
 - Level 0.7 Transmutations
 * Level 2.6 Air Magic
 + Level 4.6 Poison Magic


You had one spell level left.
You knew the following spells:

 Your Spells              Type           Power      Damage    Failure   Level
m - Mephitic Cloud        Conj/Pois/Air  12%        N/A       16%         3
p - Poisonous Vapours     Pois/Air       30%        N/A       6%          2
z - Sting                 Tmut/Pois      48%        1d5       5%          1

Your spell library contained the following spells:

 Spells                   Type           Power      Damage    Failure   Level
 Olgreb's Toxic Radiance  Pois           19%        N/A       26%         4
 Summon Guardian Golem    Hex/Summ       1%         N/A       45%         3
 Orb of Destruction       Conj           2%         9d5       100%        7
 Spellforged Servitor     Conj/Summ      1%         N/A       100%        7
 Discord                  Hex            0%         N/A       100%        8
 Ignition                 Fire           0%         3d3       100%        8

Inventory:

Hand Weapons
 i - a +2 dagger of venom
 k - the +2 whip of Cataclysm (weapon) {heavy, rF+ Int+4}
   (You found it on level 2 of the Dungeon)

   Int+4:     It affects your intelligence (+4).
   rF+:       It protects you from fire.
Missiles
 n - 3 atropa-tipped darts
 r - 11 poisoned darts
Armour
 a - a +0 robe (worn)
 f - a +0 cloak (worn)
Jewellery
 T - a +4 ring of protection (left hand)
Scrolls
 c - a scroll of revelation {unknown}
 e - 2 scrolls of poison {unknown}
 g - 2 scrolls of identify {@r1}
 j - a scroll of fear {unknown}
 m - a scroll of teleportation {unknown}
 p - a scroll of enchant armour {unknown}
 t - a scroll of fog {unknown}
Potions
 b - a potion of magic
 d - 2 potions of enlightenment
 h - a potion of mutation {unknown}
 l - a potion of attraction {unknown}
 o - 2 potions of degeneration
 q - 2 potions of brilliance {unknown}
 s - a potion of ambrosia {unknown}

Dungeon Overview and Level Annotations

Branches:
Dungeon (3/15)

Altars:

Shops:
D:1 (   D:2 ?

Annotations:
D:2 1 runed translucent door, Crazy Yiuf

##### #.# #.#.# #.#.#
#.# #.#.# ##.#.# #[#
#)#.# #..#)#
#.######.#.# ##.##.#
#..........######...#.#
#.......#..........)..#
#...###...###.###...###
#...###.#####.####.##
#........{@........#
##..###)#####.######
#..# #.# #.# #w..# #o#
#.# ...#.# #.# #.#
#...... ...####.#
#..###.. .....<..# ...
###....####.# ##.#.##
#.#


There were no monsters in sight!


Message History

Confirm with . or Enter, or press ? or * to list all spells.
You can't see any susceptible monsters within range! (Use Z to cast anyway.) Unknown command.
Casting: Sting (safe; 4% risk of failure)
Confirm with . or Enter, or press ? or * to list all spells.
You don't know that spell.
Casting: Sting (safe; 4% risk of failure)
Confirm with . or Enter, or press ? or * to list all spells.
Aiming: Poisonous Vapours (safe; 4% risk of failure)
Press: ? - help, Dir - move target Poisonous vapours surround something!
Something hits you but does no damage.
Unknown command.
It was a potion of enlightenment.
You feel very buoyant.
You fly up into the air.
Something hits you.
* * * LOW HITPOINT WARNING * * *
You miss something. Something hits you but does no damage.
You barely miss something.
You hear some strange, mumbled words.
A magic dart appears from out of thin air!
The magic dart hits you but does no damage.
You hear some strange, mumbled words.
A puff of flame appears from out of thin air!
The puff of flame hits you. You resist.
* * * LOW HITPOINT WARNING * * *
It was a potion of degeneration.
There was something very wrong with that liquid.
You feel weakened.
You feel dopey.
You feel clumsy. Something hits you.
You die...

Skill      XL: |  1  2  3 |
---------------+----------+-----
Air Magic      | 1 2 |  2.6
Poison Magic   | 4 |  4.6
Dodging        | |  2.2
Stealth        | |  2.0
Spellcasting   | |  2.0
Conjurations   | |  0.9
Transmutations | |  0.7

Action                     |  1- 3 |  4- 6 || total
---------------------------+-------+-------++-------
  Melee: Unarmed           |    10 |       ||    10
         Kick              |     4 |     7 ||    11
         Peck              |     2 |     3 ||     5
         Whip              |     5 |    31 ||    36
         Dagger            |     4 |       ||     4
   Cast: Sting             |    26 |     9 ||    35
         Poisonous Vapours |    34 |    47 ||    81
    Use: Potion            |       |     2 ||     2
   Stab: Sleeping          |       |     1 ||     1
 Armour: Robe              |    12 |    25 ||    37
  Dodge: Dodged            |    21 |    11 ||    32

Levels and vault maps discovered:
D:1:      dpeg_arrival_round_a, layout_basic, serial_shops, shop
D:2:      layout_loops_ring, serial_shops, nicolae_diamond_shop,
          uniq_crazy_yiuf_cottage
D:3:      layout_loops_ring, grunt_ministairs_14, kennysheep_generic_room_8

Notes
Turn   | Place    | Note
-------+----------+-------------------------------------------
     0 | D:1      | quinnr the Tengu Venom Mage began the quest for the Orb.
     0 | D:1      | Reached XP level 1. HP: 10/10 MP: 4/4
   123 | D:1      | Reached XP level 2. HP: 10/15 MP: 3/6
   165 | D:1      | Learned a level 2 spell: Poisonous Vapours
   658 | D:1      | Reached skill level 1 in Air Magic
   758 | D:1      | Found Yfom Git's Antique Weapon Shoppe.
  1012 | D:2      | Found Ablantum's Magic Scroll Boutique.
  1125 | D:2      | Reached XP level 3. HP: 16/19 MP: 1/7
  1351 | D:2      | Reached skill level 2 in Air Magic
  1351 | D:2      | Reached skill level 4 in Poison Magic
  1625 | D:2      | Identified the +2 whip of Cataclysm {heavy, rF+ Int+4}
  1931 | D:2      | Reached XP level 4. HP: 24/24 MP: 0/8
  2041 | D:2      | Bought a scroll of identify for 24 gold pieces
  2041 | D:2      | Bought a scroll of noise for 12 gold pieces
  2322 | D:2      | Found a runed translucent door.
  2323 | D:2      | Noticed Crazy Yiuf
  2385 | D:2      | Learned a level 3 spell: Mephitic Cloud
  3561 | D:3      | Slain by an orc wizard

Vanquished Creatures
  3 adders (D:2)
  2 worms (D:3)
  3 orcs (D:3)
  4 ball pythons
  4 bats
  7 endoplasms
  2 giant cockroaches (D:3)
  3 goblins
  7 hobgoblins
  5 jackals
  5 kobolds
  4 quokkas
  3 frilled lizards
  3 rats
55 creatures vanquished.

Table legend: (Time is in decaauts)
 A = Elapsed time spent in this place.
 B = Non-inter-level travel time spent in this place.
 C = Inter-level travel time spent in this place.
 D = Time resting spent in this place.
 E = Time spent auto-exploring this place.
 F = Levels seen in this place.
 G = Mean time per level.
                   A        B        C        D        E       F      G
               +--------+--------+--------+--------+--------+-----+--------+
         Total |   3584 |   3392 |    192 |    101 |   2577 |   3 | 1194.7 |
       Dungeon |   3584 |   3392 |    192 |    101 |   2577 |   3 | 1194.7 |
               +--------+--------+--------+--------+--------+-----+--------+

Top non-repeatable levels by time:
     D:2: 1371 daAuts
     D:3: 1162 daAuts
     D:1: 1051 daAuts

Table legend:
 A = Non-vault XP
 B = Vault XP
 C = Vault XP percentage of total XP
 D = Non-vault monster count
 E = Vault monster count
 F = Vault count percentage of total count
                 A         B        C        D         E       F
            +---------+---------+-------+---------+---------+-------
      Total |     139 |       3 |   2.1 |      53 |       2 |   3.6
            +---------+---------+-------+---------+---------+-------
        D:1 |      29 |       0 |   0.0 |      16 |       0 |   0.0
        D:2 |      69 |       0 |   0.0 |      19 |       0 |   0.0
        D:3 |      41 |       3 |   6.8 |      18 |       2 |  10.0
            +---------+---------+-------+---------+---------+-------

Levels and vault maps discovered:
D:1:      dpeg_arrival_round_a, layout_basic, serial_shops, shop
D:2:      layout_loops_ring, serial_shops, nicolae_diamond_shop,
          uniq_crazy_yiuf_cottage
D:3:      layout_loops_ring, grunt_ministairs_14, kennysheep_generic_room_8
